 Dungeon Crawl Stone Soup version 0.29.1-15-g9cfb28693d (webtiles) character file.

Game seed: 17587975081374328212

131704 Smoke131 the Scorcher (level 16, -36/134 HPs)
             Began as a Red Draconian Fire Elementalist on Feb 26, 2023.
             Was the Champion of Vehumet.
             Killed from afar by Roxanne (57 damage)
             ... with a crystal spear
             ... on level 2 of the Elven Halls.
             The game lasted 01:58:31 (40054 turns).

Smoke131 the Scorcher (DrFE)                       Turns: 40054, Time: 01:58:32

Health: -36/134    AC: 18    Str: 10    XL:     16   Next: 55%
Magic:  3/30       EV: 20    Int: 23    God:    Vehumet [******]
Gold:   4191       SH: 10    Dex: 13    Spells: 8/35 levels left

rFire   + . .      SeeInvis .   R - +0 staff of Battle
rCold   . . .      Faith    .   I - +0 buckler
rNeg    . . .      Spirit   .   (body armour unavailable)
rPois   .          Reflect  +   f - +2 hat
rElec   .          Harm     .   q - +2 cloak
rCorr   .          Rampage  .   H - +0 pair of gloves
Will    +....                   K - +2 pair of boots
Stlth   ++........              S - amulet of Zeetusam {Reflect MP-9 Slay+5 SH+5}
HPRegen 0.32/turn               u - ring of magical power
MPRegen 0.22/turn               p - +4 ring of evasion

@: hasted, studying Summonings, very quick
A: breathe fire, AC +9, unfitting armour, fire resistance 1, cold-blooded
a: Breathe Fire, Renounce Religion


You were on level 2 of the Elven Halls.
You worshipped Vehumet.
Vehumet was exalted by your worship.
You visited 5 branches of the dungeon, and saw 25 of its levels.
You also visited: Gauntlet.

You collected 4570 gold pieces.
You spent 379 gold pieces at shops.

Inventory:

Hand Weapons
 C - a +0 demon whip of venom
 R - the +0 staff of Battle (weapon)
   (You acquired it on level 2 of the Elven Halls)

   It enhances your conjuration magic.
   It summons a battlesphere in combat, with strength depending on Conjurations
   skill.
   Its strikes trigger the battlesphere's blasts.
 U - the +8 quarterstaff of Ziwkutz {protect, rC+ Str+4}
   (You found it on level 12 of the Dungeon)

   It grants its wielder temporary protection when it strikes (+7 to AC).
   Str:       It affects your strength (+4).
   rC:        It protects you from cold.
Missiles
 B - 4 throwing nets
Armour
 f - a +2 hat (worn)
 h - a scarf of repulsion
 q - a +2 cloak (worn)
 H - a +0 pair of gloves (worn)
 I - a +0 buckler (worn)
 K - a +2 pair of boots (worn)
Magical Staves
 c - a staff of fire
Jewellery
 m - a ring of magical power
 p - a +4 ring of evasion (right hand)
 u - a ring of magical power (left hand)
 v - a ring of resist corrosion
 y - the amulet "Udgherhin" {Acrobat rElec SInv}
   (You found it on level 7 of the Dungeon)

   [amulet of the acrobat]

   It increases your evasion while moving and waiting.
   rElec:     It insulates you from electricity.
   SInv:      It lets you see invisible.
 M - a ring of flight
 S - the amulet of Zeetusam (around neck) {Reflect MP-9 Slay+5 SH+5}
   (You found it in a Gauntlet)

   [amulet of reflection]

   It reflects blocked missile attacks.
   Slay:      It affects your accuracy & damage with ranged weapons and melee
   (+5).
   MP:        It affects your magic capacity (-9).
   SH:        It affects your SH (+5).
 W - a ring of poison resistance
 X - a ring of fire
Wands
 i - a wand of iceblast (23)
 w - a wand of polymorph (14)
 A - a wand of flame (36)
 E - a wand of charming (16)
 F - a wand of mindburst (15)
Scrolls
 b - 3 scrolls of brand weapon
 d - 3 scrolls of fear
 j - 6 scrolls of teleportation
 l - 3 scrolls of magic mapping
 n - 5 scrolls of poison
 r - 2 scrolls of fog
 x - 5 scrolls of enchant weapon
 J - 2 scrolls of amnesia
 N - 2 scrolls of silence
 T - a scroll of summoning
Potions
 a - a potion of magic
 e - 9 potions of curing
 g - 2 potions of brilliance
 k - 6 potions of mutation
 o - 2 potions of cancellation
 s - 2 potions of attraction
 z - 4 potions of flight
 D - 3 potions of might
 L - 6 potions of resistance
 O - a potion of invisibility
 P - a potion of lignification
 Q - a potion of ambrosia


   Skills:
 - Level 10.0 Fighting
 - Level 12.0(13.5) Maces & Flails
 + Level 10.4(12.8) Staves
 - Level 10.0 Dodging
 - Level 2.0 Stealth
 - Level 6.0 Shields
 - Level 10.0 Spellcasting
 - Level 15.0 Conjurations
 - Level 15.0 Fire Magic


You had 8 spell levels left.
You knew the following spells:

 Your Spells              Type           Power      Damage    Failure   Level
a - Foxfire               Conj/Fire      100%       2x1d9     0%          1
b - Scorch                Fire           100%       2d10      0%          2
c - Conjure Flame         Conj/Fire      88%        6-21      1%          3
d - Sticky Flame          Conj/Fire      88%        2d10      1%          4
e - Flame Wave            Conj/Fire      88%        2d19      1%          4
f - Fireball              Conj/Fire      44%        3d18      1%          5
g - Starburst             Conj/Fire      44%        6d12      1%          6
z - Searing Ray           Conj           100%       2d8       0%          2

Your spell library contained the following spells:

 Spells                   Type           Power      Damage    Failure   Level
 Iskenderun's Battlesphe  Conj           88%        2d14      1%          5
 Freeze                   Ice            44%        1d6       1%          1
 Shock                    Conj/Air       100%       1d9       1%          1
 Static Discharge         Conj/Air       62%        3-11/arc  1%          2
 Dazzling Flash           Conj/Hex       100%       N/A       1%          3
 Inner Flame              Hex/Fire       46%        N/A       1%          3
 Hailstorm                Conj/Ice       62%        3d13      1%          4
 Iskenderun's Mystic Bla  Conj/Tloc      62%        2d13      1%          4
 Lightning Bolt           Conj/Air       31%        1d48      2%          5
 Poisonous Vapours        Pois/Air       22%        N/A       3%          2
 Frozen Ramparts          Ice            22%        1d4       6%          3
 Beastly Appendage        Tmut           22%        N/A       7%          1
 Blink                    Tloc           22%        N/A       11%         2
 Ensorcelled Hibernation  Hex/Ice        22%        N/A       11%         2
 Wereblood                Tmut           11%        N/A       11%         2
 Airstrike                Air            5%         2d(1-17)  17%         4
 Olgreb's Toxic Radiance  Pois           11%        N/A       17%         4
 Call Canine Familiar     Summ           11%        N/A       22%         3
 Confusing Touch          Hex            11%        N/A       22%         3
 Lesser Beckoning         Tloc           11%        N/A       22%         3
 Portal Projectile        Hex/Tloc       22%        N/A       22%         3
 Spider Form              Tmut/Pois      11%        N/A       22%         3
 Summon Guardian Golem    Hex/Summ       11%        N/A       22%         3
 Swiftness                Air            11%        N/A       22%         3
 Ignition                 Fire           34%        3d11      24%         8
 Yara's Violent Unravell  Hex/Tmut       5%         3d4       43%         5
 Anguish                  Hex/Necr       5%         N/A       56%         4
 Corpse Rot               Necr/Pois/Air  11%        N/A       56%         4
 Leda's Liquefaction      Hex/Erth       5%         N/A       56%         4
 Petrify                  Tmut/Erth      11%        N/A       56%         4
 Manifold Assault         Tloc           11%        N/A       89%         5
 Metabolic Englaciation   Hex/Ice        5%         N/A       89%         5
 Summon Mana Viper        Hex/Summ       11%        N/A       89%         5
 Statue Form              Tmut/Erth      7%         N/A       100%        6
 Enfeeble                 Hex            5%         N/A       100%        7
 Ozocubu's Refrigeration  Ice            5%         4d8       100%        7
 Maxwell's Capacitive Co  Air            5%         ∞         100%        8


Dungeon Overview and Level Annotations

Branches:
Dungeon (15/15)            Temple (1/1) D:5            Lair (5/5) D:10
 Shoals (0/4) Lair:3       Spider (0/4) Lair:3        Slime (0/5) Lair:5
    Orc (2/2) D:9             Elf (2/3) Orc:2        Vaults (0/5) D:14
 Depths (0/4) D:15        Gauntlet (visited)

Altars:
Ashenzari
Cheibriados
Dithmenos
Elyvilon
Fedhas
Gozag
Hepliaklqana
Kikubaaqudgha
Makhleb
Nemelex Xobeh
Okawaru
Qazlal
Ru
Sif Muna
Trog
Uskayaw
Vehumet
Wu Jian
Xom
Yredelemnul
Zin
The Shining One

Shops:
D:8 *   D:15 [   Orc:1 :   Orc:2 (*(!   Elf:1 :

Annotations:
Elf:2 Roxanne


Innate Abilities, Weirdness & Mutations

You can breathe blasts of fire.
Your fiery red scales are hard. (AC +9)
You cannot fit into any form of body armour.
Your flesh is heat resistant. (rF+)
You are cold-blooded and may be slowed by cold attacks.


Message History

You feel much better.
The +1 broad axe of flaming barely misses you.
Casting: Fireball (safe; 1% risk of failure)
Confirm with . or Enter, or press ? or * to list all spells.
Aiming: Sticky Flame (safe; 1% risk of failure)
Press: ? - help, Shift-Dir - straight line, f - +1 broad axe of flaming
Aim: a +1 broad axe of flaming (ally target, 100% to hit)
You feel a surge of power!
The sticky flame hits the +1 broad axe of flaming but does no damage.
The +1 broad axe of flaming is covered in liquid flames!
The +1 broad axe of flaming burns!
Your battlesphere fires!
The barrage of energy hits the +1 broad axe of flaming.
The +1 broad axe of flaming is lightly damaged.
The +1 broad axe of flaming hits you!
You hear a twanging sound.
An arrow appears from out of thin air!
The arrow hits you! The arrow burns you. The +1 broad axe of flaming hits you!
The +1 broad axe of flaming burns you.
The +1 broad axe of flaming attacks as you move away!
The +1 broad axe of flaming hits you!!
* * * LOW HITPOINT WARNING * * *
The +1 broad axe of flaming burns you.
* * * LOW HITPOINT WARNING * * *
The +1 broad axe of flaming burns!
A +2 short sword of venom comes into view.
You hear some strange, mumbled words.
A shard of ice appears from out of thin air!
The shard of ice misses you.
Blink to where?
Press: ? - help, Dir - move target, p - +1 broad axe of flaming
As you read the scroll of blinking, it crumbles to dust.
The +1 broad axe of flaming burns!
You see here a +0 falchion.
You feel yourself speed up.
You feel as though your hastened speed will last longer.
Items here: )))).
Really walk into a travel-excluded area?
Roxanne mumbles some strange words.
The crystal spear hits you!!!
You die...

#.####.##..###...)#........## #
#........### ###.)#.........##
#########...# ##.#..........##
#.......#...#######.#⌠........*.#
#....!..#...##?..##)#....(§......
#..............8.##.#..........⌠.
#................##(##...........
#................#..###......{...
#............###@*### ##.........
#...............### ##..⌠..)..
#######........## ##.....). ####
#...)....# #######'
...####.##..#..## #.
##.#........)...## ..
##.#.##.###.)....# .(
.)...##.###......# ...
##.####.......)<.# ...


You could see Roxanne, a +1 broad axe of flaming and a friendly battlesphere.

Vanquished Creatures
  Kirke (Lair:4)
  A deep elf sorcerer (Elf:1)
  A deep elf elementalist (Elf:1)
  Nessos (Lair:4)
  A minotaur (Gauntlet)
  2 deep elf death magi (Elf:1)
  Harold (D:9)
  5 boulder beetles
  12 hydras
  3 ogre magi
  3 catoblepae
  7 centaur warriors
  10 two-headed ogres
  9 dancing weapons
  9 death yaks
  6 orc high priests
  4 tengu warriors
  5 deep elf knights
  Amaemon (D:8)
  7 deep elf archers
  A wizard (Elf:1)
  A necromancer (D:15)
  Pikel (D:9)
  14 deep elf zephyrmancers
  A wolf spider zombie (D:15)
  5 orc knights
  8 deep elf pyromancers
  9 orc sorcerers
  5 cyclopes
  16 ugly things
  7 manticores
  4 black mambas
  4 elephants (Lair:4)
  A centaur zombie (D:15)
  A naga mage (D:15)
  2 centaur skeletons (D:15)
  2 gargoyles (D:13)
  2 unseen horrors
  Psyche (D:7)
  9 cane toads
  An orange demon (D:8)
  Maggie (D:7)
  An unseen horror (shapeshifter) (Elf:2)
  2 kobold demonologists
  3 rime drakes
  A freezing wraith (D:13)
  10 komodo dragons
  3 efreet
  10 yaktaurs (D:15)
  4 trolls
  6 slime creatures
  16 blink frogs
  A raiju (Gauntlet)
  6 dream sheep (Lair:4)
  An air elemental (Elf:2)
  A centaur simulacrum (D:15)
  2 water elementals
  3 fire elementals (Elf:1)
  2 vampires
  66 yaks
  A golden eye (shapeshifter) (Elf:1)
  A wyvern (shapeshifter) (D:14)
  2 wyverns
  4 hogs (Lair:4)
  4 vampire mosquitoes (D:13)
  6 basilisks
  5 steam dragons
  4 wargs
  Duvessa (D:7)
  An acid dragon (D:8)
  16 water moccasins
  A hell hound (Gauntlet)
  4 sky beasts
  30 orc warriors
  2 black bears (D:5)
  13 ogres
  24 wolves
  A boggart (shapeshifter) (Elf:2)
  2 boggarts (Elf:1)
  2 lemures (D:9)
  A phantom (D:5)
  10 centaurs
  2 kobold brigands (D:11)
  4 necrophages
  10 bullfrogs
  A gnoll sergeant (D:7)
  4 scorpions
  15 wights
  Dowan (D:7)
  15 killer bees
  7 electric eels
  A howler monkey (D:6)
  A crimson imp (Gauntlet)
  Crazy Yiuf (D:2)
  3 jellies
  8 hounds
  25 orc priests
  A gnoll bouda (D:8)
  39 orc wizards
  3 iguanas
  A boggart simulacrum (D:15)
  21 gnolls
  11 adders
  2 white imps (D:6)
  2 worms
  A dart slug (D:1)
  105 orcs
  3 endoplasms
  2 giant cockroaches (D:1)
  5 goblins
  4 hobgoblins
  6 jackals (D:1)
  2 quokkas
  10 ball pythons
  4 bats
  4 frilled lizards
  23 kobolds
  9 rats
  A spectral goblin (D:1)
815 creatures vanquished.

Vanquished Creatures (collateral kills)
  A foxfire (Lair:4)
1 creature vanquished.

Vanquished Creatures (others)
  An ironbound preserver (D:14)
  A deep elf pyromancer (Elf:1)
  A black mamba (Lair:1)
  A bullfrog (Lair:1)
  An orc wizard (D:14)
  2 orcs
  558 foxfires
  21 fungi
  64 plants
650 creatures vanquished.

Grand Total: 1466 creatures vanquished

Notes
Turn   | Place    | Note
-------+----------+-------------------------------------------
     0 | D:1      | Smoke131 the Draconian Fire Elementalist began the quest
                  | for the Orb.
     0 | D:1      | Reached XP level 1. HP: 14/14 MP: 3/3
    92 | D:1      | Found a faded altar of an unknown god.
   459 | D:1      | Reached XP level 2. HP: 20/20 MP: 1/5
   462 | D:1      | Learned a level 2 spell: Scorch
  1619 | D:1      | Reached XP level 3. HP: 20/26 MP: 6/6
  2603 | D:2      | Found a runed translucent door.
  2604 | D:2      | Noticed Crazy Yiuf
  2610 | D:2      | Killed Crazy Yiuf
  2611 | D:2      | Reached XP level 4. HP: 33/33 MP: 0/8
  3925 | D:3      | Reached XP level 5. HP: 38/38 MP: 5/9
  4372 | D:4      | Learned a level 3 spell: Conjure Flame
  5040 | D:4      | Reached XP level 6. HP: 33/45 MP: 0/10
  5475 | D:5      | Entered Level 5 of the Dungeon
  5842 | D:5      | Your scales start taking on a fiery red colour.
  5842 | D:5      | Reached skill level 5 in Fire Magic
  5842 | D:5      | Reached XP level 7. HP: 50/50 MP: 1/12
  5842 | D:5      | Gained mutation: Your flesh is heat resistant. (rF+) [Red
                  | Draconian growth]
  6230 | D:5      | Found a staircase to the Ecumenical Temple.
  6302 | Temple   | Entered the Ecumenical Temple
  6302 | Temple   | Found a transporter.
  6302 | Temple   | Found a transporter.
  6304 | Temple   | Found a transporter.
  6304 | Temple   | Found a transporter.
  7259 | D:6      | Found a snail-covered altar of Cheibriados.
  7260 | D:6      | Found a glowing silver altar of Zin.
  7262 | D:6      | Found a shimmering blue altar of Sif Muna.
  7266 | D:6      | Found a hazy altar of Hepliaklqana.
  7271 | D:6      | Found a radiant altar of Vehumet.
  7275 | D:6      | Became a worshipper of Vehumet
  7315 | D:6      | Reached XP level 8. HP: 52/57 MP: 4/14
  7701 | D:6      | Identified the +1 pair of gloves "Xukhucag" {-Cast rF++
                  | Dex+5}
  7738 | D:6      | Reached skill level 5 in Conjurations
  7742 | D:6      | Reached skill level 5 in Spellcasting
  7761 | D:6      | Reached skill level 5 in Dodging
  8026 | D:6      | Reached * piety under Vehumet
  8026 | D:6      | Offered knowledge of Sandblast by Vehumet.
  8648 | D:7      | Learned a level 4 spell: Flame Wave
  8648 | D:7      | Identified a scroll of acquirement
  8648 | D:7      | Acquired a staff of fire
  8866 | D:7      | Identified the amulet "Udgherhin" {Acrobat rElec SInv}
  9149 | D:7      | Noticed Duvessa
  9150 | D:7      | Noticed Dowan
  9165 | D:7      | Killed Duvessa
  9166 | D:7      | Reached XP level 9. HP: 62/62 MP: 12/16
  9168 | D:7      | Killed Dowan
  9982 | D:8      | Noticed Maggie
  9997 | D:7      | Killed Maggie
 10251 | D:8      | Noticed Psyche
 10259 | D:8      | Noticed an orange demon
 10304 | D:7      | HP: 3/62 [poisoned by a gnoll sergeant]
 10606 | D:7      | Offered knowledge of Magic Dart by Vehumet.
 10659 | D:8      | Noticed Amaemon
 10738 | D:6      | Reached ** piety under Vehumet
 10903 | D:7      | Reached skill level 10 in Fire Magic
 10921 | D:7      | Reached XP level 10. HP: 69/69 MP: 8/17
 11153 | D:7      | Killed Psyche
 11342 | D:8      | Killed an orange demon
 11654 | D:8      | Found Udymupam's General Store.
 11946 | D:8      | Killed Amaemon
 12581 | D:9      | Offered knowledge of Searing Ray by Vehumet.
 12652 | D:8      | Learned a level 2 spell: Searing Ray
 12670 | D:9      | Reached skill level 10 in Conjurations
 12898 | D:9      | Reached *** piety under Vehumet
 12990 | D:9      | Found a staircase to the Orcish Mines.
 13055 | D:9      | Offered knowledge of Stone Arrow by Vehumet.
 13215 | D:9      | Reached XP level 11. HP: 74/74 MP: 18/18
 13284 | D:9      | Reached skill level 10 in Dodging
 13380 | D:9      | Noticed a two-headed ogre
 13402 | D:8      | Killed a two-headed ogre
 13403 | D:8      | Reached skill level 1 in Fighting
 13403 | D:8      | Reached skill level 1 in Maces & Flails
 13472 | D:9      | Noticed Pikel
 13477 | D:9      | Killed Pikel
 13985 | D:9      | Reached **** piety under Vehumet
 14245 | D:10     | Entered Level 10 of the Dungeon
 14359 | D:10     | Offered knowledge of Dazzling Flash by Vehumet.
 14527 | D:10     | Reached skill level 5 in Fighting
 14716 | D:10     | Found a staircase to the Lair.
 15012 | D:10     | Reached skill level 5 in Maces & Flails
 15172 | D:10     | Noticed a two-headed ogre
 15181 | D:10     | Killed a two-headed ogre
 15419 | Lair:1   | Entered Level 1 of the Lair of Beasts
 15498 | Lair:1   | Noticed a boulder beetle
 15671 | Lair:1   | Killed a boulder beetle
 15979 | Lair:1   | Reached XP level 12. HP: 100/100 MP: 9/19
 16140 | Lair:1   | Noticed a four-headed hydra
 16151 | Lair:1   | Killed a four-headed hydra
 16569 | Lair:1   | Noticed an eight-headed hydra
 16570 | Lair:1   | Reached ***** piety under Vehumet
 16651 | Lair:1   | Killed an eight-headed hydra
 16651 | Lair:1   | Offered knowledge of Freezing Cloud by Vehumet.
 18002 | Lair:2   | Reached skill level 10 in Fighting
 18641 | Lair:3   | Reached skill level 10 in Maces & Flails
 18761 | Lair:3   | Found a staircase to the Shoals.
 18894 | Lair:3   | Found a hole to the Spider Nest.
 19599 | Lair:4   | Noticed a four-headed hydra
 19611 | Lair:4   | Reached XP level 13. HP: 105/113 MP: 20/20
 19759 | Lair:4   | Offered knowledge of Fireball by Vehumet.
 19787 | Lair:4   | Learned a level 5 spell: Fireball
 20198 | Lair:4   | Noticed Nessos
 20222 | Lair:4   | Killed Nessos
 21012 | Lair:5   | Entered Level 5 of the Lair of Beasts
 21012 | Lair:5   | Noticed Kirke
 21183 | Lair:4   | Reached skill level 5 in Shields
 21445 | Lair:4   | Noticed a sphinx
 21448 | Lair:4   | Noticed a sphinx
 21458 | Lair:4   | Killed Kirke
 21756 | Lair:5   | Found a staircase to the Slime Pits.
 22431 | Lair:5   | Acquired 757 gold pieces
 23469 | Lair:4   | Reached XP level 14. HP: 65/121 MP: 18/23
 24326 | Orc:1    | Entered Level 1 of the Orcish Mines
 24337 | Orc:1    | Offered knowledge of Lee's Rapid Deconstruction by Vehumet.
 24606 | Orc:1    | Noticed Harold
 24777 | D:9      | Killed Harold
 25337 | Orc:1    | Found Ipnokhev's Book Emporium.
 25738 | Orc:2    | Entered Level 2 of the Orcish Mines
 26629 | Orc:2    | Found Huif's Distillery.
 26637 | Orc:2    | Found a staircase to the Elven Halls.
 27716 | Orc:2    | Found Kupiurel's Assorted Antiques.
 27716 | Orc:2    | Found Nybbuoti's Antique Weapon Boutique.
 27724 | Orc:2    | Found Qiuhint's Armour Shop.
 27815 | Orc:2    | Found Zeiggu's Antique Weapon Shop.
 27822 | Orc:2    | Bought a scroll of identify for 40 gold pieces
 27822 | Orc:2    | Bought a scroll labelled OLINWA OK LAGO for 20 gold pieces
 27907 | Orc:2    | Offered knowledge of Yara's Violent Unravelling by Vehumet.
 28258 | Orc:2    | Bought a potion of lignification for 39 gold pieces
 28289 | Orc:2    | Bought a scroll of fear for 80 gold pieces
 28289 | Orc:2    | Bought a potion of resistance for 200 gold pieces
 28447 | D:11     | Found a gate leading to a gauntlet.
 28458 | Gauntlet | Entered a Gauntlet
 28458 | Gauntlet | Found a transporter.
 28466 | Gauntlet | Found a transporter.
 28468 | Gauntlet | Found a transporter.
 28475 | Gauntlet | Found a transporter.
 28490 | Gauntlet | Found a transporter.
 28495 | Gauntlet | Found a transporter.
 28520 | Gauntlet | Found a transporter.
 28529 | Gauntlet | Found a transporter.
 28532 | Gauntlet | Noticed a quicksilver ooze
 28541 | Gauntlet | Found a transporter.
 28553 | Gauntlet | Found a transporter.
 28565 | Gauntlet | Found a transporter.
 28577 | Gauntlet | Found a transporter.
 28594 | Gauntlet | Found a transporter.
 28611 | Gauntlet | Found a transporter.
 28613 | Gauntlet | Found a transporter.
 28648 | Gauntlet | Found a transporter.
 28860 | Gauntlet | Found a transporter.
 28860 | Gauntlet | Found a transporter.
 28950 | Gauntlet | Identified the amulet of Zeetusam {Reflect MP-9 Slay+5
                  | SH+5}
 29180 | Gauntlet | Identified the +10 short sword of Ybeqo {freeze, Will+
                  | Int-5 Dex+3}
 29180 | Gauntlet | Identified the +2 chain mail of Muttered Phrases {+Blink
                  | Regen+ Slay+2}
 30211 | D:12     | You fall into a shaft and drop 3 floors!
 30211 | D:15     | Entered Level 15 of the Dungeon
 30415 | D:15     | Found Qoqotup's Armour Shoppe.
 30561 | D:15     | Identified the +7 bardiche "Berugg" {flame, rElec rCorr}
 30878 | D:12     | Found a hide-covered altar of Uskayaw.
 30897 | D:12     | Identified the +8 quarterstaff of Ziwkutz {protect, rC+
                  | Str+4}
 31514 | D:12     | Reached XP level 15. HP: 89/126 MP: 23/28
 32735 | D:12     | Learned a level 6 spell: Starburst
 33064 | D:13     | Got the Verses on the Hot Union
 34017 | D:14     | Reached skill level 10 in Spellcasting
 34137 | D:14     | Reached ****** piety under Vehumet
 34151 | D:14     | Offered knowledge of Spellforged Servitor by Vehumet.
 34157 | D:14     | Learned a level 4 spell: Sticky Flame
 34360 | D:14     | Reached skill level 15 in Fire Magic
 34622 | D:14     | Found a gate to the Vaults.
 35611 | D:15     | Found a staircase to the Depths.
 35797 | D:15     | Reached skill level 15 in Conjurations
 35797 | D:15     | Reached skill level 1 in Staves
 36573 | Elf:1    | Entered Level 1 of the Elven Halls
 36678 | Elf:1    | Reached XP level 16. HP: 134/134 MP: 17/30
 36755 | Elf:1    | Found an ancient bone altar of Kikubaaqudgha.
 36766 | Elf:1    | Reached skill level 5 in Staves
 37351 | Elf:1    | Found Weqac's Book Shoppe.
 38731 | Elf:2    | Identified Roxanne's Reference Book on Variation
 38731 | Elf:2    | Noticed Roxanne
 39154 | Elf:2    | Paralysed by an air elemental for 1 turns
 39159 | Elf:2    | Paralysed by an air elemental for 1 turns
 39361 | Elf:2    | Acquired 1099 gold pieces
 39363 | Elf:2    | Acquired the +0 staff of Battle
 39363 | Elf:2    | Found the +0 staff of Battle
 39378 | Elf:2    | Offered knowledge of Iskenderun's Battlesphere by Vehumet.
 39482 | Elf:2    | Reached skill level 10 in Staves
 39819 | Elf:2    | Found a runed translucent gate.
 39820 | Elf:2    | Found a runed translucent gate.
 39820 | Elf:2    | Found a runed translucent gate.
 40054 | Elf:2    | Killed from afar by Roxanne

Illustrated notes

Levels and vault maps discovered:
D:1:      dpeg_arrival_ratfight, layout_basic,
          dreamdust_ecumenical_altar_drowned_temple, reono_crystal_passage
D:2:      layout_basic, uniq_crazy_yiuf_cottage
D:3:      layout_loops_ring
D:4:      layout_basic
D:5:      layout_basic, minmay_temple_entry_waves, roderic_lattice_a,
          serial_bayou_lagoon_a
D:6:      kennysheep_six_static_rooms, layout_gridville, minitemple
D:7:      layout_cave_pods, kennysheep_generic_room_12, uniq_duvessa
D:8:      layout_gridville, serial_shops, nicolae_shop_window_shopping,
          minmay_misc_feat_plants, hangedman_misty_isle, uniq_psyche,
          uniq_amaemon, uniq_maggie
D:9:      layout_roguey, hiddenorc2_lemuel, serial_glass, glass_columns_b,
          glass_columns_a, glass_columns_b, glass_columns_a, glass_columns_b,
          glass_columns_a, glass_columns_a, glass_columns_a, glass_columns_a,
          glass_columns_a, glass_columns_c, glass_columns_a, glass_columns_a,
          glass_columns_c, uniq_pikel
D:10:     layout_loops_ring, erik_lair_island, dk_noncrumbling_4,
          grunt_ministairs_7
D:11:     layout_roguey, gauntlet_entry_generic, hangedman_abyss_or_decor_passed
D:12:     layout_gridville, special_room [special_room_orc],
          nicolae_uskayaw_suspiria
D:13:     minmay_the_grid_plus [minmay_the_grid_expand,
          minmay_the_grid_dragon_a, minmay_the_grid_minigrid_medium,
          minmay_the_grid_minigrid_small,
          minmay_the_grid_prize_shrinking_boxes], layout_basic,
          minmay_misc_feat_nine_boxes
D:14:     layout_basic, skrybe_vaults_entry_preservation
D:15:     grunt_enter_depths_magical_seal, layout_long_grid,
          serial_bayou_pond_e, serial_shops,
          nicolae_shop_competitors_out_of_business
Temple:   hellmonk_temple_divided_pantheon
Lair:1:   layout_loops_ring, grunt_megastairs_3, serial_bayou_shore_a,
          lemuel_fruit_tree, serial_bayou_shore_b
Lair:2:   layout_hall_layers, cheibrodos_lair_reptile_den, grunt_megastairs_2
Lair:3:   layout_hall_layers, minmay_shoals_entry_centaurs, dummy_spider_entry
Lair:4:   layout_loops_ring, uniq_nessos
Lair:5:   evilmike_catoblepas_cave, layout_regular_city, slime_entry_1,
          uniq_kirke
Orc:1:    layout_caves, basic_altar, guppyfry_orc_lava_fort, uniq_harold
Orc:2:    st_orc_mages, layout_diamond_mine, serial_shops, nicolae_shop_stone
Elf:1:    layout_loops_corners, serial_shops, nicolae_shop_waterfront,
          basic_altar, hangedman_elf_disciples, nicolae_elf_glassroom_feature
Elf:2:    nicolae_elf_blades_crystal_corner, layout_loops_cross, uniq_agnes,
          uniq_roxanne

Skill      XL: |  1  2  3  4  5  6  7  8  9 10 11 12 13 14 15 16 |
---------------+-------------------------------------------------+-----
Stealth        | 2 |  2.0
Dodging        | 2 3 4 5 7 9 10 | 10.0
Conjurations   | 2 3 4 6 7 10 11 12 15 | 15.0
Spellcasting   | 3 4 5 6 9 10 | 10.0
Fire Magic     | 4 5 6 8 10 11 13 15 | 15.0
Fighting       | 7 10 | 10.0
Maces & Flails | 6 11 12 | 12.0
Shields        | 6 |  6.0
Staves         | 4 10 | 10.4

Action                   |  1- 3 |  4- 6 |  7- 9 | 10-12 | 13-15 | 16-18 || total
-------------------------+-------+-------+-------+-------+-------+-------++-------
Melee: Unarmed           |    33 |       |       |     4 |    20 |       ||    57
       Tailslap          |     6 |     1 |     4 |     9 |    47 |     7 ||    74
       Punch             |     1 |       |       |       |       |       ||     1
       Short sword       |    32 |       |       |       |       |       ||    32
       Spear             |    14 |    20 |       |       |       |       ||    34
       Dagger            |       |     4 |     7 |       |       |       ||    11
       Trident           |       |       |    22 |       |       |       ||    22
       Staff             |       |       |       |     9 |       |    12 ||    21
       Demon whip        |       |       |       |    46 |   180 |    37 ||   263
 Cast: Foxfire           |    52 |    95 |    93 |     8 |    83 |     4 ||   335
       Scorch            |     3 |     7 |   138 |   355 |   544 |    63 ||  1110
       Conjure Flame     |       |       |     2 |     8 |     6 |       ||    16
       Flame Wave        |       |       |       |    24 |    55 |     5 ||    84
       Fireball          |       |       |       |       |    20 |    18 ||    38
       Starburst         |       |       |       |       |    21 |    18 ||    39
       Sticky Flame      |       |       |       |       |     9 |     8 ||    17
       Searing Ray       |       |       |       |       |     1 |       ||     1
 Abil: Breathe Fire      |       |       |     3 |     7 |     5 |       ||    15
Evoke: Wand              |       |       |       |     2 |     4 |       ||     6
  Use: Scroll            |       |    12 |     4 |    11 |     7 |     3 ||    37
       Potion            |       |       |     1 |     3 |     5 |     5 ||    14
 Stab: Sleeping          |     6 |     4 |       |       |       |       ||    10
Armor: Skin              |    31 |    10 |    26 |    78 |   139 |    32 ||   316
Dodge: Dodged            |    77 |    26 |   153 |   383 |   579 |    79 ||  1297
       Repelled          |     1 |       |       |       |       |       ||     1
Block: Buckler           |       |       |       |       |   168 |    43 ||   211
       Reflection        |       |       |       |       |    25 |    12 ||    37
